Another Map Hack ... Again !

Match 29495683
End
Pioneer Squad
Pioneer Squad
Construct Infanterie Kompanie
Selects Mechanized Battlegroup
Grenadier Squad
Grenadier Squad
GrW 34 Mortar Team
Grenadier Squad
Construct Panzergrenadier Kompanie
Pak 40 Anti-tank Gun Team
Selects Raid Package
Infanterie Officer Quarters
Selects 8 Rad Armored Car
8 Rad Armored Car
Grenadier Squad
MG 42 Machine Gun Team
Construct Panzer Kompanie
Pak 40 Anti-tank Gun Team
Pioneer Squad
251 Medium Carrier
Selects Panther Heavy Tank
Selects Spotting Scopes
Panther Heavy Tank
Pioneer Squad
Panther Heavy Tank
Pioneer Squad
Panzer IV Medium Tank
IIGaryII
盗号的你妈死了?
0
0

Comments sign in to comment!

IIGaryII [U] 6 months ago

Immediately, he starts. Scooting in my base, scooting on my first move => he changes his plans in the process. And, every time he is in the impasse and he must return to the field => scooting my army in the fog of war. After watching the replay, he doesn’t even follow most of the fights... Lucky for me that this "player" is particularly bad... 37min to get rid of it. SHOULD WE SYSTEMATICALLY GIVE UP WHEN WE MEET A PLAYER NAME LIKE THIS TO EXCLUDE THEM ???